 Dungeon Crawl Stone Soup version 0.18.1-50-g88ac8fd (webtiles) character file.

237 WanderingOwl the Cudgeler (level 5, -3/42 HPs)
             Began as a Demonspawn Berserker on Oct 8, 2016.
             Was a Priest of Trog.
             Slain by a gnoll sergeant
             ... wielding a +0 spear
              (9 damage)
             ... on level 4 of the Dungeon.
             The game lasted 00:19:53 (3428 turns).

WanderingOwl the Cudgeler (Demonspawn Berserker)    Turns: 3428, Time: 00:19:54

Health: -3/42      AC:  8    Str: 18    XL:     5   Next: 77%
Magic:  5/5        EV:  8    Int:  8    God:    Trog [***...]
Gold:   69         SH:  0    Dex: 13    Spells: 0 memorised, 4 levels left

rFire  . . .     SeeInvis .     x - +0 flail
rCold  . . .     Gourm    .     u - +0 chain mail
rNeg   . . .     Faith    .     (no shield)
rPois  .         Spirit   .     (helmet restricted)
rElec  .         Dismiss  .     (no cloak)
rCorr  .         Reflect  .     (no gloves)
SustAt .         Harm     .     (no boots)
MR     .....                    (no amulet)
Stlth  ..........               (no ring)
                                (no ring)

@: not resistant to hostile enchantments, extremely unstealthy
A: horns 2
a: Berserk, Trog's Hand, Burn Spellbooks, Renounce Religion


You were on level 4 of the Dungeon.
You worshipped Trog.
Trog was most pleased with you.
You were very hungry.

You visited 1 branch of the dungeon, and saw 4 of its levels.

You collected 117 gold pieces.
You spent 48 gold pieces at shops.

Inventory:

Hand Weapons
 a - a +0 mace
 x - a +0 flail (weapon)
Armour
 b - a +0 animal skin
 l - a +0 leather armour
 s - a +0 scale mail
 u - a +0 chain mail (worn)
Scrolls
 d - 2 scrolls of remove curse {unknown}
 h - a scroll of magic mapping {unknown}
 i - 3 scrolls of identify {unknown}
 m - a scroll of teleportation {unknown}
 n - a scroll of enchant weapon {unknown}
 p - 2 scrolls of enchant armour {unknown}
 t - a scroll of amnesia {unknown}
Potions
 e - a potion of flight {unknown}
 f - a potion of brilliance {unknown}
 g - a potion of might {unknown}
 j - 2 potions of curing {unknown}
 k - a potion of agility
 o - a potion of resistance {unknown}
 q - a potion of cancellation {unknown}
 r - a potion of mutation {unknown}
 w - a potion of degeneration {unknown}
Comestibles
 c - 5 bread rations
 v - 6 chunks of flesh
 z - a meat ration


   Skills:
 + Level 4.0 Fighting
 + Level 4.2 Maces & Flails
 + Level 2.6 Armour
 + Level 2.9 Dodging
 + Level 0.6 Stealth


You had 4 spell levels left.
You didn't know any spells.

Dungeon Overview and Level Annotations

Branches:
Dungeon (4/15)
 Temple: D:4-7

Altars:
Kikubaaqudgha

Shops:
D:4 }[?[


Innate Abilities, Weirdness & Mutations

You have a pair of horns on your head.


Message History

The gnoll sergeant hits you with a spear.
The gnoll hits you but does no damage.
The gnoll hits you from afar with a spear of piercing.
A gnoll comes into view. It is wielding a club.
Unknown command.
You're too hungry to go berserk.
The gnoll sergeant hits you from afar with a spear.
* * * LOW HITPOINT WARNING * * *
The gnoll hits you but does no damage.
The gnoll shouts!
The gnoll sergeant hits you with a spear.
* * * LOW HITPOINT WARNING * * *
A gnoll comes into view. It is wielding a flail.
Items here: $ )) † a flail; a spear; 15 gold pieces; a gnoll corpse The gnoll shouts!
You hit the gnoll.
The gnoll is lightly wounded.
The gnoll sergeant hits you with a spear!
You die...

g.#............................#.
..##############################.
#+# #+ ###############
..gg.#8..8#.... ...g....'..8#
gg....'.. #ggg.# #g@..# #....#
#....# #+# #....# #+
..#############''''#############.
..#............................#g
###≈≈≈≈≈≈≈≈≈≈≈≈....≈≈≈≈≈≈≈≈≈≈≈≈##
≈≈≈≈≈≈≈≈≈≈≈≈≈≈≈....≈≈≈≈≈≈≈≈≈≈≈≈≈≈
≈≈≈≈≈≈≈≈≈≈≈≈≈≈≈....≈≈≈≈≈≈≈≈≈≈≈≈≈≈


You could see a gnoll sergeant, a gnoll shaman and 7 gnolls.

Vanquished Creatures
  A scorpion (D:4)
  A hound (D:4)
  A worker ant (D:3)
  4 gnolls (D:4)
  2 adders
  A worm (D:3)
  3 dart slugs
  2 giant geckos
  An orc (D:3)
  A ball python (D:2)
  6 bats
  2 giant cockroaches
  7 goblins
  7 hobgoblins
  15 jackals
  A giant newt (D:3)
  5 kobolds
  9 rats
69 creatures vanquished.

Vanquished Creatures (others)
  A human (D:3)
1 creature vanquished.

Grand Total: 70 creatures vanquished

Notes
Turn   | Place    | Note
--------------------------------------------------------------
     0 | D:1      | WanderingOwl the Demonspawn Berserker began the quest for the Orb.
     0 | D:1      | Reached XP level 1. HP: 18/18 MP: 1/1
   264 | D:1      | Gained mutation: You have a pair of small horns on your head. [demonic ancestry]
   264 | D:1      | Reached XP level 2. HP: 17/24 MP: 2/2
   837 | D:2      | Reached ** piety under Trog
   842 | D:2      | Reached XP level 3. HP: 8/29 MP: 3/3
  2152 | D:3      | Reached XP level 4. HP: 27/37 MP: 4/4
  2290 | D:3      | Found an ancient bone altar of Kikubaaqudgha.
  2290 | D:3      | Noticed a human
  2293 | D:3      | Killed a human
  2813 | D:4      | Found Huluqaso's Armour Shop.
  2825 | D:4      | Bought a +0 scale mail for 48 gold pieces
  2876 | D:4      | Found Hoqawnypn's Magic Scroll Emporium.
  2889 | D:4      | Found Pofenewe's Antique Armour Emporium.
  2918 | D:4      | Found Eckiti's Gadget Emporium.
  3020 | D:4      | Gained mutation: You have a pair of horns on your head. [demonic ancestry]
  3020 | D:4      | Reached XP level 5. HP: 27/42 MP: 5/5
  3239 | D:4      | Reached *** piety under Trog
  3428 | D:4      | Slain by a gnoll sergeant

Skill      XL: |  1  2  3  4  5 |
---------------+----------------+-----
Maces & Flails | 3 4 |  4.2
Dodging        | 2 |  2.9
Armour         | 2 |  2.6
Fighting       | 4 |  4.0
Stealth        | |  0.6

Action                   |  1- 3 |  4- 6 || total
-------------------------+-------+-------++-------
Melee: Mace              |   101 |    48 ||   149
       Headbutt          |    12 |    14 ||    26
       Flail             |       |    52 ||    52
Invok: Berserk           |     1 |       ||     1
  Eat: Chunk             |     5 |     3 ||     8
Armor: Animal skin       |     9 |       ||     9
       Leather armour    |     6 |     3 ||     9
       Chain mail        |       |    74 ||    74
Dodge: Dodged            |    54 |    65 ||   119
